 Dungeon Crawl Stone Soup version 0.23-a0-650-ga4d50d4 (webtiles) character file.

42 dondy the Gusty (level 3, -7/19 HPs)
             Began as a Tengu Air Elementalist on Jan 6, 2019.
             Mangled by a gnoll
             ... wielding a +0 halberd
              (13 damage)
             ... on level 2 of the Dungeon.
             The game lasted 00:08:40 (1571 turns).

dondy the Gusty (Tengu Air Elementalist)            Turns: 1571, Time: 00:08:41

Health: -7/19      AC:  4    Str:  8    XL:     3   Next: 54%
Magic:  4/7        EV: 13    Int: 16    God:
Gold:   129        SH:  0    Dex: 14    Spells: 2/6 levels left

rFire    . . .     SeeInvis .   (no weapon)
rCold    . . .     Gourm    .   (no shield)
rNeg     . . .     Faith    .   a - +0 robe
rPois    .         Spirit   .   h - +1 hat
rElec    .         Reflect  .   (no cloak)
rCorr    .         Harm     .   k - +0 pair of gloves
MR       .....                  (boots unavailable)
Stlth    ++........             (no amulet)
HPRegen  0.06/turn              (no ring)
MPRegen  0.10/turn              (no ring)

@: no status effects
A: beak, talons 3
a: no special abilities


You were on level 2 of the Dungeon.
You were not hungry.

You visited 1 branch of the dungeon, and saw 2 of its levels.

You collected 129 gold pieces.

Inventory:

Armour
 a - a +0 robe (worn)
 h - a +1 hat (worn)
 k - a +0 pair of gloves (worn)
Scrolls
 g - a scroll of random uselessness {unknown}
 i - 2 scrolls of enchant weapon {unknown}
 j - a scroll of identify {unknown}
 m - a scroll of teleportation {unknown}
 n - 2 scrolls of remove curse {unknown}
 p - a scroll of amnesia {unknown}
 q - a scroll of fear {unknown}
Potions
 b - a potion of might {unknown}
 d - 2 potions of curing {unknown}
 e - 2 potions of degeneration {unknown}
 l - a potion of berserk rage {unknown}
 o - a potion of flight {unknown}
Comestibles
 c - 6 rations
 f - 2 chunks of flesh


   Skills:
 + Level 2.3 Dodging
 - Level 2.0 Stealth
 + Level 2.4 Spellcasting
 + Level 2.1 Conjurations
 + Level 5.1 Air Magic


You had 2 spell levels left.
You knew the following spells:

 Your Spells              Type           Power        Failure   Level  Hunger
a - Shock                 Conj/Air       ##..         4%          1    #......
b - Static Discharge      Conj/Air       ##......     13%         3    ###....

Your spell library contained the following spells:

 Spells                   Type           Power        Failure   Level  Hunger
 Swiftness                Chrm/Air       ##......     11%         2    ###....
 Airstrike                Air            ###.......   24%         4    #####..
 Lightning Bolt           Conj/Air       ##........   77%         5    ######.


Dungeon Overview and Level Annotations

Branches:
Dungeon (2/15)

Altars:


Innate Abilities, Weirdness & Mutations

You have a beak for a mouth.
You have claws for feet.


Message History

Found 2 dark potions.
Casting: Shock (safe; 4% risk of failure)
Confirm with . or Enter, or press ? or * to list all spells.
Aiming: Shock (safe; 4% risk of failure)
Press: ? - help, Shift-Dir - straight line The zap hits the gnoll.
The gnoll is lightly wounded.
The zap hits the gnoll.
The gnoll is moderately wounded.
The gnoll shouts!
The gnoll hits you with a +0 spear.
Casting: Shock (safe; 4% risk of failure)
Confirm with . or Enter, or press ? or * to list all spells.
The gnoll is struck by an arc of lightning.
The gnoll is severely wounded.
You are struck by an arc of lightning.
The lightning grounds out.
The gnoll hits you with a +0 spear!
The gnoll hits you from afar with a +0 halberd!
Ouch! That really hurt!
You die...

..#####.#.....#.# #g# ..#
#.#...#.#.# #.#
..#####.#...#.#.# #.#
...........####.#####.#####
..#####............g......#
..# ###..####.#####.###!##
.## #......g.g...........
.#########.####g#########.##.
................@........
.#########.####.######### .#
#.............. .#
#.############# .# #.# ## ###


You could see 2 gnolls.

Vanquished Creatures
  A gnoll (D:2)
  2 worms (D:2)
  A leopard gecko (D:2)
  4 bats
  3 giant cockroaches (D:2)
  4 goblins (D:2)
  2 hobgoblins (D:1)
  3 kobolds
  4 rats
24 creatures vanquished.

Notes
Turn   | Place    | Note
-------+----------+-------------------------------------------
     0 | D:1      | dondy the Tengu Air Elementalist began the quest for the
                  | Orb.
     0 | D:1      | Reached XP level 1. HP: 10/10 MP: 4/4
    37 | D:1      | You fall through a shaft!
   165 | D:2      | Reached XP level 2. HP: 11/15 MP: 1/6
   899 | D:2      | Reached XP level 3. HP: 19/19 MP: 2/7
   904 | D:2      | Learned a level 3 spell: Static Discharge
  1037 | D:2      | Reached skill level 5 in Air Magic
  1571 | D:2      | Mangled by a gnoll

Vault maps used:
D:1:      minmay_arrival_radiant_lines, grunt_decor_arrowhead
D:2:      first_ration

Skill      XL: |  1  2  3 |
---------------+----------+-----
Air Magic      | 5 |  5.1
Conjurations   | 2 |  2.1
Dodging        | |  2.3
Stealth        | |  2.0
Spellcasting   | |  2.4

Action                   || total
-------------------------++-------
 Cast: Shock             ||    53
       Static Discharge  ||     1
  Eat: Chunk             ||     3
Armor: Robe              ||     6
Dodge: Dodged            ||    14

Table legend:
 A = Non-vault XP
 B = Vault XP
 C = Vault XP percentage of total XP
 D = Non-vault monster count
 E = Vault monster count
 F = Vault count percentage of total count
                 A         B        C        D         E       F
            +---------+---------+-------+---------+---------+-------
      Total |      60 |       0 |   0.0 |      24 |       0 |   0.0
            +---------+---------+-------+---------+---------+-------
        D:1 |       9 |       0 |   0.0 |       5 |       0 |   0.0
        D:2 |      51 |       0 |   0.0 |      19 |       0 |   0.0
            +---------+---------+-------+---------+---------+-------
